[Event "Paul Keres Memorial-Youth 2020"]
[Site "Parnu"]
[Date "2020.08.01"]
[Round "7.8"]
[White "Nikitin, Arseni EST"]
[Black "Golsta, Madara"]
[Result "1/2-1/2"]
[ECO "B21"]
[WhiteElo "1688"]
[BlackElo "1903"]
[Annotator "ChessBase"]
[PlyCount "87"]
[EventDate "2020.07.27"]
[EventType "swiss"]
[EventCountry "EST"]
[TimeControl "40/5400+30:900+30"]

1. e4 c5 2. Be2 Nc6 3. f4 g6 4. Nf3 Bg7 5. d3 e6 6. c3 Nge7 7. Be3 d6 8. O-O O-O 9. Na3 a6 10. Nc2 b5 11. a3 Bb7 12. d4 cxd4 13. cxd4 f5 14. e5 dxe5 15. dxe5 Nd5 16. Qd2 Nxe3 17. Qxe3 Ne7 18. Rfd1 Nd5 19. Qd2 Qb6+ 20. Ncd4 Rfd8 21. g3 Rd7 22. Kf1 Rad8 23. Nc2 Rc8 24. Nfd4 Rdc7 25. Rac1 Bf8 26. b4 Nc3 27. Re1 Ne4 28. Qe3 Rc3 29. Bd3 Rxd3 30. Qxd3 Rc3 31. Qd1 Bd5 32. Re3 Bc4+ 33. Ke1 Qb7 34. Rxc3 Nxc3 35. Qf3 Ne4 36. Ne3 Qb6 37. Nxc4 Qxd4 38. Qe3 Qd5 39. Nd2 Nxd2 40. Qxd2 Qh1+ 41. Ke2 Qxh2+ 42. Kd3 Qxg3+ 43. Qe3 Qg2 44. Rc8 1/2-1/2

[Event "Paul Keres Memorial-Youth 2020"]
[Site "Parnu"]
[Date "2020.08.01"]
[Round "7.9"]
[White "Blokhin, Sofia"]
[Black "Aga, Rihard"]
[Result "0-1"]
[ECO "B15"]
[WhiteElo "1786"]
[BlackElo "2022"]
[Annotator "ChessBase"]
[PlyCount "96"]
[EventDate "2020.07.27"]
[EventType "swiss"]
[EventCountry "EST"]
[TimeControl "40/5400+30:900+30"]

1. e4 c6 2. Nf3 d5 3. Nc3 dxe4 4. Nxe4 Nf6 5. Nxf6+ exf6 6. d4 Bd6 7. Be3 O-O 8. Qd2 Re8 9. O-O-O Be6 10. Kb1 a5 11. Bd3 b5 12. Nh4 b4 13. g4 a4 14. Rhg1 Qd7 15. Nf5 Bf8 16. h3 Qd5 17. b3 axb3 18. cxb3 Nd7 19. Qc2 Ra5 20. Kb2 Nb6 21. Ng3 Rea8 22. Ra1 Na4+ 23. Kc1 Nc3 24. Bc4 Qd7 25. Bxe6 Qxe6 26. a4 c5 27. Kb2 c4 28. Rgb1 cxb3 29. Qxb3 Qxb3+ 30. Kxb3 Nxb1 31. Rxb1 Rxa4 32. Ne4 Ra3+ 33. Kc4 Ra1 34. Rb2 Rh1 35. Nc5 Rxh3 36. Rxb4 Rh4 37. Rb7 Rc8 38. Kb5 Rxg4 39. Kb6 h5 40. Ra7 h4 41. Ra1 h3 42. Rh1 Rh4 43. f4 Bd6 44. Nd3 h2 45. Ne1 Rh3 46. Bd2 Rb3+ 47. Ka7 Bb8+ 48. Ka6 Rc7 0-1